AoeStats
← Kshulo

African Clearing

505736784Analyzed
4v4 RM · 23d ago on Sep 10, 2026· 35m 54s· 8 players
Game mode
Random Map
Map size
Large (8 player)
Population
200
Speed
Normal
Resources
Standard
Victory
Conquest
Starting age
Dark Age
Ending age
Imperial Age
RankedLock teamsTeams togetherTeam positionsShared explorationLock speedFull tech treeHidden civsTurbo modeCheats
Victory
Defeat
🇹🇷 Poles · Türkiye
1305
+14
🇳🇱 Japanese · Netherlands
1302
+14
🇸🇪 Koreans · Sweden
1275
+15
🇷🇺 Berbers · Russia
1241
+17
🇨🇱 Lithuanians · Chile
1315
-17
🇺🇾 Mongols · Uruguay
1293
-16
🇨🇱 Vikings · Chile
1281
-16
🇨🇱 Byzantines · Chile
1164
-11
scarabe
7:56 Loom
13:11 Feudal Age
19:12 Castle Age
17:12 Double-Bit Axe
18:02 Fletching
18:38 Town Watch
19:45 Crossbowman
23:54 Bodkin Arrow
27:37 Horse Collar
34:30 Imperial Age
32:36 Wheelbarrow
Tander
11:15 Loom
16:00 Feudal Age
16:13 Man-at-Arms
16:38 Arson
17:01 Double-Bit Axe
18:01 Forging
20:09 Fletching
20:58 Scale Mail Armor
27:12 Castle Age
28:36 Iron Casting
31:00 Bodkin Arrow
HeO_3km
6:42 Loom
13:16 Feudal Age
14:15 Double-Bit Axe
20:12 Castle Age
18:29 Bloodlines
21:03 Town Watch
30:59 Fletching
36:05 Wheelbarrow
35:30 Bodkin Arrow
36:30 Padded Archer Armor
Serkan the Tank
5:26 Loom
13:00 Feudal Age
13:36 Town Watch
15:31 Forging
16:25 Bloodlines
16:57 Horse Collar
22:57 Castle Age
23:22 Scale Barding Armor
23:44 Husbandry
25:20 Double-Bit Axe
28:16 Iron Casting
31:03 Chain Barding Armor
31:21 Heavy Plow
32:33 Stone Mining
PESCADO
7:49 Loom
14:16 Feudal Age
18:05 Castle Age
16:52 Double-Bit Axe
27:39 Bloodlines
27:31 Husbandry
30:15 Wheelbarrow
PMA
6:52 Loom
17:20 Feudal Age
18:02 Town Watch
20:46 Castle Age
19:09 Fishing Lines
19:22 Double-Bit Axe
21:05 Scale Barding Armor
21:56 Bow Saw
23:52 Forging
25:15 Horse Collar
26:58 Pikeman
27:39 Squires
27:53 Heavy Plow
Daiki
16:16 Feudal Age
20:10 Loom
26:13 Castle Age
27:21 Fletching
31:17 Bodkin Arrow
Kshulo
8:03 Loom
12:56 Feudal Age
15:37 Double-Bit Axe
17:40 Scale Barding Armor
19:02 Forging
24:55 Castle Age
23:58 Fletching
24:09 Padded Archer Armor
25:26 Crossbowman
26:28 Leather Archer Armor
27:53 Bodkin Arrow
33:13 Ballistics
Connection lost

Rejoining the realm…

Still unreachable

The connection could not be restored.

Session expired

The server has moved on; the page needs a fresh start.